 Dungeon Crawl Stone Soup version 0.20.1-1-g8b1a95d (webtiles) character file.

8561 homeworkjunkie the Cleaver (level 11, -7/95 HPs)
             Began as a Hill Orc Fighter on Dec 15, 2017.
             Was a Priest of Okawaru.
             Mangled by Frances
             ... wielding a +2 battleaxe of draining
              (10 damage)
             ... on level 12 of the Dungeon.
             The game lasted 00:15:54 (8880 turns).

homeworkjunkie the Cleaver (Hill Orc Fighter)       Turns: 8880, Time: 00:15:55

Health: -7/95      AC: 14    Str: 24    XL:     11   Next: 32%
Magic:  15/15      EV:  5    Int:  8    God:    Okawaru [***...]
Gold:   712        SH: 11    Dex: 15    Spells: 10/10 levels left

rFire    . . .     SeeInvis +   a - +2 war axe
rCold    + . .     Gourm    .   c - +0 shield
rNeg     . . .     Faith    .   u - +0 plate armour
rPois    .         Spirit   .   (no helmet)
rElec    .         Reflect  .   (no cloak)
rCorr    .         Harm     +   (no gloves)
MR       +....                  B - +0 pair of boots
Stlth    ..........             m - amulet of harm
Regen    0.3/turn               k - +4 ring of dexterity
MPRegen  0.2/turn               q - ring of see invisible

@: heavily drained
A: cold resistance 1, magic resistance 1, strong 1
a: Heroism, Renounce Religion


You were on level 12 of the Dungeon.
You worshipped Okawaru.
Okawaru was most pleased with you.
You were not hungry.

You visited 2 branches of the dungeon, and saw 13 of its levels.

You collected 712 gold pieces.

Inventory:

Hand Weapons
 a - a +2 war axe (weapon)
Armour
 c - a +0 shield (worn)
 u - a +0 plate armour (worn)
 B - a +0 pair of boots (worn)
Jewellery
 k - a +4 ring of dexterity (left hand)
 m - an amulet of harm (around neck)
 p - an uncursed ring of protection from fire
 q - a ring of see invisible (right hand)
 s - an uncursed ring of positive energy
 x - a +5 ring of strength {unknown}
 z - an uncursed amulet of the gourmand {unknown}
 A - a +5 ring of evasion {unknown}
Wands
 b - a wand of iceblast (0/15)
 g - a wand of lightning (6/15)
 t - a wand of lightning (6/15)
 w - a wand of confusion (12/48)
 D - a wand of digging (17/24)
 E - a wand of iceblast (10/15)
Scrolls
 e - 2 scrolls of blinking
 i - 4 scrolls of identify
 j - a scroll of remove curse
 n - a scroll of immolation
 o - 3 scrolls of teleportation
 r - 2 scrolls of fear
 y - a scroll of fog
 C - 3 scrolls of recharging
Potions
 d - 2 potions of heal wounds
 l - 2 potions of haste
 v - 2 potions of curing
 F - a potion of flight {unknown}
Comestibles
 f - 12 bread rations
 h - 9 meat rations


   Skills:
 * Level 8.6(6.3) Fighting
 * Level 13.7(11.1) Axes
 * Level 8.6(6.3) Armour
 + Level 1.1(0.0) Dodging
 + Level 0.6(0.0) Stealth
 * Level 8.5(6.2) Shields
 * Level 5.9(3.8) Evocations


You had 10 spell levels left.
You didn't know any spells.

Dungeon Overview and Level Annotations

Branches:
Dungeon (12/15)            Temple (1/1) D:7
   Lair: D:8-11         Orc: D:9-12

Altars:
Ashenzari
Cheibriados
Dithmenos
Elyvilon
Fedhas
Gozag
Hepliaklqana
Kikubaaqudgha
Nemelex Xobeh
Okawaru
Qazlal
Ru
Trog
Uskayaw
Vehumet
Xom
Beogh

Shops:
D:4 [

Annotations:
D:12 Frances


Innate Abilities, Weirdness & Mutations

Your flesh is cold resistant. (rC+)
You are resistant to hostile enchantments. (MR+)
Your muscles are strong. (Str +2)


Message History

* * * LOW HITPOINT WARNING * * *
The orange demon stings you from afar!
* * * LOW HITPOINT WARNING * * *
The bullfrog hits you but does no damage.
You hit Frances but do no damage.
Frances is heavily wounded.
You slash the bullfrog!
You kill the bullfrog!
Okawaru accepts your kill.
Frances hits you with a battleaxe of draining.
* * * LOW HITPOINT WARNING * * *
You feel drained.
* * * LOW HITPOINT WARNING * * *
You feel much better.
The orange demon stings you but does no damage.
You block the orange demon's attack.
Frances hits you with a battleaxe of draining!!
* * * LOW HITPOINT WARNING * * *
You feel drained.
You die...

#.
#...#.
#.
#..<..
##
#....#
#....#
#....#
#.44.#
#.†@.#
#..@.#
#....#
#.##.#
#.##.#
#....#
#....#
##
#....#
#.
#....#
#.
#....#
#.


You could see Frances and 2 orange demons.

Vanquished Creatures
  A two-headed ogre (D:7)
  A wolf spider zombie (D:12)
  Pikel (D:7)
  An ugly thing (D:12)
  A cyclops (D:9)
  Joseph (D:7)
  A hornet (D:12)
  A vampire (D:12)
  A shadow (D:12)
  2 wyverns
  9 yaks (D:12)
  A soldier ant (D:7)
  A water moccasin (D:12)
  4 orc warriors
  A sky beast (D:8)
  2 ice beasts
  6 ogres
  4 centaurs
  7 bullfrogs
  4 scorpions
  A water moccasin skeleton (D:8)
  3 killer bees (D:7)
  4 wights (D:12)
  A howler monkey (D:7)
  2 bullfrog zombies
  3 crimson imps
  2 hounds
  A jelly (D:9)
  3 bullfrog skeletons
  A centaur skeleton (D:9)
  2 orc priests
  3 orc wizards
  2 iguanas
  9 worker ants
  2 hound skeletons
  11 gnolls
  A worker ant zombie (D:9)
  A howler monkey skeleton (D:7)
  9 adders
  5 shadow imps
  An ooze (D:6)
  An adder zombie (D:9)
  2 adder skeletons
  4 worms
  2 dart slugs
  4 leopard geckos
  41 orcs
  3 ball pythons
  4 giant cockroaches
  4 goblins
  5 hobgoblins
  11 jackals
  2 kobolds
  4 quokkas
  4 bats
  5 rats
213 creatures vanquished.

Vanquished Creatures (others)
  A bullfrog (D:7)
1 creature vanquished.

Grand Total: 214 creatures vanquished

Notes
Turn   | Place    | Note
-------+----------+-------------------------------------------
     0 | D:1      | homeworkjunkie the Hill Orc Fighter began the quest for the Orb.
     0 | D:1      | Reached XP level 1. HP: 19/19 MP: 1/1
    64 | D:1      | Reached skill level 3 in Axes
   200 | D:2      | Reached XP level 2. HP: 21/26 MP: 2/2
   206 | D:2      | Found a sparkling altar of Nemelex Xobeh.
   431 | D:3      | Found a bloodstained altar of Trog.
   471 | D:2      | Reached XP level 3. HP: 31/33 MP: 3/3
   655 | D:3      | Reached skill level 4 in Axes
   671 | D:4      | Found Pinemn's Armour Boutique.
   786 | D:3      | Reached XP level 4. HP: 30/40 MP: 4/4
  2157 | D:5      | Entered Level 5 of the Dungeon
  2164 | D:5      | Reached skill level 5 in Axes
  2164 | D:5      | Reached XP level 5. HP: 46/46 MP: 5/5
  2470 | D:4      | Reached XP level 6. HP: 15/53 MP: 6/6
  2758 | D:4      | Reached skill level 6 in Axes
  3024 | D:4      | Reached skill level 1 in Dodging
  3421 | D:5      | Found a hazy altar of Hepliaklqana.
  3478 | D:5      | Noticed an ice beast
  3486 | D:5      | Killed an ice beast
  3486 | D:5      | Reached skill level 7 in Axes
  3486 | D:5      | Reached XP level 7. HP: 60/60 MP: 7/7
  3677 | D:6      | Reached skill level 5 in Fighting
  4048 | D:7      | HP: 1/61 [orc warrior/trident (6)]
  4052 | D:7      | Reached skill level 5 in Shields
  4284 | D:7      | Noticed a two-headed ogre
  4290 | D:7      | Killed a two-headed ogre
  4290 | D:7      | Reached skill level 9 in Axes
  4290 | D:7      | Reached skill level 5 in Armour
  4290 | D:7      | Reached XP level 8. HP: 70/70 MP: 7/9
  4544 | D:6      | Reached XP level 9. HP: 47/75 MP: 11/11
  4954 | D:7      | Reached skill level 10 in Axes
  4967 | D:7      | Found a staircase to the Ecumenical Temple.
  4990 | D:7      | Noticed Joseph
  5012 | D:7      | Killed Joseph
  5177 | D:7      | Found a sacrificial altar of Ru.
  5243 | D:9      | Noticed a cyclops
  5263 | D:7      | Noticed Pikel
  5280 | D:7      | Killed Pikel
  5280 | D:7      | Reached skill level 11 in Axes
  5611 | D:7      | Gained mutation: Your flesh is cold resistant. (rC+) [potion of mutation]
  5611 | D:7      | Gained mutation: Your muscles are strong. (Str +2) [potion of mutation]
  5611 | D:7      | Gained mutation: You are resistant to hostile enchantments. (MR+) [potion of mutation]
  5655 | Temple   | Entered the Ecumenical Temple
  5700 | Temple   | Became a worshipper of Warmaster Okawaru
  5880 | D:8      | Reached XP level 10. HP: 49/86 MP: 13/13
  6259 | D:8      | Found a hide-covered altar of Uskayaw.
  6739 | D:9      | Killed a cyclops
  6739 | D:9      | Reached * piety under Okawaru
  7009 | D:10     | Entered Level 10 of the Dungeon
  7091 | D:9      | Reached skill level 12 in Axes
  7118 | D:9      | Found a roughly hewn altar of Beogh.
  7550 | D:9      | Found a radiant altar of Vehumet.
  7556 | D:9      | Found a shadowy altar of Dithmenos.
  7556 | D:9      | Found a stormy altar of Qazlal.
  7556 | D:9      | Found a shimmering altar of Xom.
  7558 | D:9      | Found a shattered altar of Ashenzari.
  7561 | D:9      | Found a snail-covered altar of Cheibriados.
  7710 | D:9      | Reached ** piety under Okawaru
  7710 | D:9      | Reached skill level 5 in Evocations
  8134 | D:12     | Noticed a green ugly thing
  8143 | D:12     | Killed a green ugly thing
  8143 | D:12     | Reached *** piety under Okawaru
  8143 | D:12     | Reached skill level 13 in Axes
  8143 | D:12     | Reached XP level 11. HP: 85/94 MP: 15/15
  8865 | D:12     | Noticed Frances
  8876 | D:12     | HP: 1/95 [Frances/battleaxe of draining (6)]
  8880 | D:12     | Mangled by Frances

Skill      XL: |  1  2  3  4  5  6  7  8  9 10 |
---------------+-------------------------------+-----
Axes           | 3 4 5 7 9 11 13 | 13.7
Fighting       | 4 5 6 7 8 |  8.6
Shields        | 4 5 6 7 8 |  8.5
Armour         | 4 5 7 8 |  8.6
Dodging        | 1 |  1.1
Evocations     | 2 4 5 |  5.9
Stealth        | |  0.6

Action                   |  1- 3 |  4- 6 |  7- 9 | 10-12 || total
-------------------------+-------+-------+-------+-------++-------
Melee: War axe           |    68 |   132 |   209 |   225 ||   634
Evoke: Wand              |       |       |     3 |    10 ||    13
  Use: Scroll            |     3 |     9 |     3 |     4 ||    19
       Potion            |       |     5 |     7 |     6 ||    18
 Stab: Distracted        |       |     1 |       |       ||     1
  Eat: Royal jelly       |       |     2 |       |     2 ||     4
       Fruit             |       |     6 |     4 |       ||    10
       Meat ration       |       |       |     1 |     1 ||     2
Armor: Scale mail        |    36 |    55 |    13 |       ||   104
       Plate armour      |       |       |    73 |    71 ||   144
Dodge: Dodged            |    32 |    36 |    41 |    44 ||   153
Block: Shield            |    38 |    72 |   104 |   118 ||   332
